 Dungeon Crawl Stone Soup version 0.31-a0-1002-g8e65716e6e (webtiles) character file.

Game seed: 1541836489341809779

22731 BinkBink the Protected (level 12, -5/108 HPs)
             Began as a Minotaur Fighter on Nov 9, 2023.
             Was the Champion of Zin.
             Killed from afar by an orc sorcerer (42 damage)
             ... with a bolt of fire
             ... on level 2 of the Orcish Mines.
             The game lasted 00:26:27 (17102 turns).

BinkBink the Protected (Minotaur Fighter)          Turns: 17102, Time: 00:26:28

Health: -5/108     AC: 18    Str: 22    XL:     12   Next: 65%
Magic:  16/16      EV: 12    Int:  5    God:    Zin [******]
Gold:   1617       SH: 12    Dex: 20    Spells: 11/11 levels left

rFire   . . .        H - +3 hand axe
rCold   . . .        c - +0 buckler
rNeg    . . .        N - +0 plate armour
rPois   +            (helmet restricted)
rElec   .            (no cloak)
rCorr   .            (no gloves)
SInv    .            D - +0 pair of boots
Will    .....        e - amulet of Spontaneous Combustion {Reflect SH+5 Stlth+} Stlth
                     C - ring of poison resistance
HPRegen 0.38/turn    P - +6 ring of dexterity
MPRegen 0.15/turn

%: reflection
@: no status effects
A: horns 2, retaliatory headbutt
a: Renounce Religion, Recite, Vitalisation, Imprison, Sanctuary, Donate Gold


You were on level 2 of the Orcish Mines.
You worshipped Zin.
Zin was exalted by your worship.
You visited 3 branches of the dungeon, and saw 15 of its levels.
You also visited: Sewer.

You collected 1773 gold pieces.
You donated 156 gold pieces to Zin.

Inventory:

Hand Weapons
 a - a +0 war axe
 w - a +2 mace of protection
 H - a +3 hand axe (weapon)
Armour
 b - a +0 scale mail
 c - a +0 buckler (worn)
 D - a +0 pair of boots (worn)
 J - a +0 troll leather armour
 N - a +0 plate armour (worn)
Jewellery
 e - the amulet of Spontaneous Combustion (around neck) {Reflect SH+5 Stlth+}
   (You acquired it on level 11 of the Dungeon)

   [amulet of reflection]

   Reflect:   It reflects blocked missile attacks.
   SH+5:      It affects your SH (+5).
   Stlth+:    It makes you more stealthy.
 s - a ring of positive energy
 v - a ring of resist corrosion
 x - a ring of fire
 C - a ring of poison resistance (left hand)
 E - a ring of wizardry
 P - a +6 ring of dexterity (right hand)
Wands
 r - a wand of flame (31)
 A - a wand of digging (12)
 F - a wand of acid (12)
 G - a wand of charming (6)
 M - a wand of iceblast (2)
Scrolls
 f - 2 scrolls of summoning {unknown}
 g - a scroll of enchant weapon {unknown}
 h - 3 scrolls of enchant armour {unknown}
 i - 7 scrolls of fear {unknown}
 k - 4 scrolls of poison {unknown}
 n - 3 scrolls of amnesia {unknown}
 o - 10 scrolls of identify
 q - 5 scrolls of immolation {unknown}
 y - a scroll of revelation {unknown}
 B - 2 scrolls of vulnerability {unknown}
 I - a scroll of blinking {unknown}
 O - 3 scrolls of teleportation
 Q - a scroll of noise {unknown}
Potions
 d - 3 potions of might
 j - 4 potions of attraction {unknown}
 l - 2 potions of degeneration {unknown}
 p - 3 potions of brilliance {unknown}
 t - 3 potions of curing {unknown}
 u - 2 potions of haste {unknown}
 z - 2 potions of mutation {unknown}
 K - a potion of berserk rage {unknown}
 L - a potion of lignification {unknown}


   Skills:
 + Level 10.8 Fighting
 + Level 10.4 Axes
 * Level 14.1 Armour
 + Level 8.9 Dodging
 + Level 10.6 Shields
 + Level 7.3 Invocations


You had 11 spell levels left.
You didn't know any spells.
Your spell library contained the following spells:

 Spells                   Type           Power      Damage    Failure   Level
 Foxfire                  Conj/Fire      0%         2x1d4     99%         1
 Static Discharge         Conj/Air       0%         3-3/arc   100%        2
 Sublimation of Blood     Necr           0%         N/A       100%        2
 Airstrike                Air            0%         2d(0-16)  100%        4
 Petrify                  Tmut/Erth      0%         N/A       100%        4
 Summon Lightning Spire   Summ/Air       0%         N/A       100%        4
 Irradiate                Conj/Tmut      0%         3d11      100%        5
 Plasma Beam              Fire/Air       0%         2x1d10    100%        6
 Starburst                Conj/Fire      0%         6d3       100%        6


Dungeon Overview and Level Annotations

Branches:
Dungeon (12/15)            Temple (0/1) D:7            Lair (1/5) D:10
    Orc (2/2) D:10            Elf (0/3) Orc:2         Sewer (visited)

Altars:
Ashenzari
Cheibriados
Fedhas
Gozag
Hepliaklqana
Kikubaaqudgha
Makhleb
Nemelex Xobeh
Okawaru
Ru
Trog
Uskayaw
Xom
Yredelemnul
Zin
The Shining One
Lugonu

Shops:
Orc:2 :

Portals:
Abyss: D:3

Annotations:
D:3 2 runed translucent doors
D:6 3 runed translucent doors, Errthou's ghost, novice GnRe
D:11 2 transporters
D:12 Fannar


Innate Abilities, Weirdness & Mutations

You have a pair of horns on your head.
You reflexively headbutt those who attack you in melee.


Message History

You hit the orc sorcerer.
The orc sorcerer is lightly wounded.
You block the orc sorcerer's attack.
You hit the orc sorcerer but do no damage.
Your headbutt misses the orc sorcerer.
The orc sorcerer is lightly wounded.
The orc sorcerer gestures wildly while chanting.
You slash the orc sorcerer!
The orc sorcerer is moderately wounded.
You hit the smoke demon.
The orc sorcerer hits you with a +0 dagger.
You slash the orc sorcerer! You headbutt the orc sorcerer.
The orc sorcerer is severely wounded.
You barely miss the smoke demon. The smoke demon gestures at you.
The sticky flame hits you.
You are covered in liquid flames!
You block the orc sorcerer's attack.
You slash the orc sorcerer!
The orc sorcerer is almost dead.
You hit the smoke demon.
You are covered in liquid flames!
You block the smoke demon's attack.
The smoke demon hits you but does no damage.
You block the smoke demon's attack.
You closely miss the orc sorcerer.
The orc sorcerer is almost dead.
You hit the smoke demon.
You are covered in liquid flames!
The orc sorcerer mumbles some strange words.
The smoke demon gestures at you. Something smites you!
You closely miss the orc sorcerer. Your headbutt misses the orc sorcerer.
The orc sorcerer is almost dead.
You hit the smoke demon.
You are covered in liquid flames!
You are no longer on fire.
The orc sorcerer points at you and mumbles some strange words.
The bolt of fire hits you!!!
You die...

#§.... #≈≈≈##.....
#≈.... ###≈##≈.##..#
#≈...####≈§≈##≈.##..#
#≈....≈≈≈≈≈≈≈≈.......
#≈...................
#≈..8..).....)...[...
#≈......§§§§.[[......
#≈..3.≈≈§≈≈§≈≈.......
#≈.)@####≈≈≈##≈.##..#
#§..o...###§##§.##..#
#≈4.......#≈§≈.......
#§...≈≈≈..##≈≈.§#....
#§..#####.∩#≈≈.......
§§§.. ##§≈#...#..
.§§§.. #≈≈≈...####
8..... ###≈≈....##..
#§§≈≈........


You could see a rust devil (summoned), a smoke demon (summoned) and an orc
sorcerer.

Vanquished Creatures
  An orc warlord (Orc:2)
  Josephine (Orc:2)
  2 two-headed ogres (D:10)
  A boulder beetle (Lair:1)
  2 orc knights
  3 orc sorcerers (Orc:2)
  A deep elf pyromancer (D:12)
  A cane toad (Lair:1)
  2 komodo dragons (Lair:1)
  2 unseen horror zombies (D:9)
  2 ice devils (Lair:1)
  7 trolls
  A polar bear (Lair:1)
  5 blink frogs (Lair:1)
  3 shadows (D:11)
  27 yaks
  6 wraiths
  A wyvern (D:10)
  3 steam dragons
  An acid dragon (D:10)
  6 wargs
  4 water moccasins
  9 orc warriors
  2 black bears
  5 ogres
  7 wolves
  3 centaurs
  4 kobold brigands
  4 bullfrogs
  3 scorpions
  12 wights
  4 killer bees (D:8)
  A howler monkey (D:9)
  An electric eel (D:10)
  3 centaur zombies (D:9)
  9 orc priests
  13 hounds
  3 jellies
  A human zombie (D:9)
  17 orc wizards
  A sleepcap (D:7)
  2 iguanas (D:6)
  A mummy (D:9)
  2 howler monkey zombies (D:9)
  12 adders
  8 gnolls
  A shadow imp (D:7)
  2 white imps
  3 worms
  6 dart slugs
  59 orcs
  6 bats
  7 endoplasms
  6 giant cockroaches
  6 goblins
  6 hobgoblins
  A jackal (Sewer)
  6 quokkas
  5 ball pythons
  2 frilled lizards
  16 kobolds
  3 rats
344 creatures vanquished.

Vanquished Creatures (others)
  A kobold (D:7)
1 creature vanquished.

Grand Total: 345 creatures vanquished

Notes
Turn   | Place    | Note
-------+----------+-------------------------------------------
     0 | D:1      | BinkBink the Minotaur Fighter began the quest for the Orb.
     0 | D:1      | Reached XP level 1. HP: 19/19 MP: 0/0
   179 | D:1      | Reached XP level 2. HP: 27/27 MP: 1/1
   433 | D:1      | Noticed a glass eye
   435 | D:1      | Found a faded altar of an unknown god.
   438 | D:1      | Noticed a great orb of eyes
   438 | D:1      | Noticed an eye of devastation
   438 | D:1      | Noticed an eye of devastation
   445 | D:1      | Prayed at the altar of an unknown god.
   445 | D:1      | Became a worshipper of Zin the Law-Giver
   445 | D:1      | Reached * piety under Zin
   749 | D:2      | Reached ** piety under Zin
   857 | D:2      | Reached skill level 4 in Armour
   962 | D:2      | Reached XP level 3. HP: 25/33 MP: 2/2
  1636 | D:3      | Reached skill level 1 in Dodging
  1649 | D:3      | Reached *** piety under Zin
  1932 | D:3      | Reached XP level 4. HP: 27/40 MP: 3/3
  2155 | D:3      | Found a one-way gate to the infinite horrors of the Abyss.
  2193 | D:3      | Found a large runed translucent door.
  2194 | D:3      | Found a large runed translucent door.
  2196 | D:3      | Found a corrupted altar of Lugonu.
  2334 | D:4      | Noticed a scorpion
  2525 | D:4      | Reached XP level 5. HP: 47/47 MP: 4/4
  2615 | D:4      | Reached skill level 5 in Armour
  2653 | D:4      | Reached XP level 6. HP: 43/55 MP: 5/5
  2857 | D:4      | Reached **** piety under Zin
  2900 | D:4      | Found a basalt altar of Yredelemnul.
  2938 | D:4      | Reached skill level 5 in Fighting
  2945 | D:4      | Reached skill level 5 in Shields
  3323 | D:5      | Entered Level 5 of the Dungeon
  3344 | D:5      | Reached skill level 6 in Armour
  3344 | D:5      | Found a shimmering altar of Xom.
  3378 | D:5      | Reached XP level 7. HP: 50/61 MP: 6/6
  3528 | D:5      | Found a bloodstained altar of Trog.
  4215 | D:6      | Reached skill level 5 in Axes
  4377 | D:6      | Reached skill level 7 in Armour
  4401 | D:6      | Noticed a steam dragon
  4415 | D:6      | Killed a steam dragon
  4416 | D:6      | Reached skill level 1 in Invocations
  4416 | D:6      | Reached XP level 8. HP: 25/70 MP: 7/7
  4577 | D:6      | Found a runed translucent gate.
  4578 | D:6      | Found a runed translucent gate.
  4578 | D:6      | Noticed Errthou's ghost (novice GnRe)
  4579 | D:6      | Found a runed translucent gate.
  4579 | D:6      | Noticed a slime creature
  4649 | D:6      | Found a glowing drain.
  4680 | Sewer    | Entered a sewer
  4773 | Sewer    | Reached ***** piety under Zin
  5307 | D:7      | Reached skill level 8 in Armour
  5571 | D:7      | Found a staircase to the Ecumenical Temple.
  5832 | D:7      | Found a hazy altar of Hepliaklqana.
  6126 | D:7      | Found a glowing golden altar of the Shining One.
  6461 | D:8      | Identified the "Daef"
  6537 | D:8      | Reached XP level 9. HP: 75/78 MP: 9/9
  7245 | D:8      | Found a glowing silver altar of Zin.
  7253 | D:8      | Found a burning altar of Makhleb.
  7253 | D:8      | Found a hide-covered altar of Uskayaw.
  7435 | D:8      | Reached skill level 5 in Dodging
  7477 | D:8      | Reached ****** piety under Zin
  7489 | D:8      | HP: 2/59 [orc wizard/+0 club (4)]
  7491 | D:8      | Reached skill level 9 in Armour
  7688 | D:8      | Found an iron altar of Okawaru.
  8099 | D:9      | Found a blossoming altar of Fedhas.
  8102 | D:9      | Found a broken altar of Ashenzari.
  8105 | D:9      | Found a sparkling altar of Nemelex Xobeh.
  8108 | D:9      | Found a sacrificial altar of Ru.
  8392 | D:9      | Noticed a troll
  8415 | D:9      | Killed a troll
  8585 | D:9      | Found a snail-covered altar of Cheibriados.
  8724 | D:9      | Reached skill level 10 in Armour
  8725 | D:9      | Reached XP level 10. HP: 52/88 MP: 12/12
  9150 | D:9      | Found an ancient bone altar of Kikubaaqudgha.
  9405 | D:10     | Entered Level 10 of the Dungeon
  9679 | D:10     | Noticed a two-headed ogre
  9689 | D:10     | Killed a two-headed ogre
  9690 | D:10     | Reached skill level 11 in Armour
  9767 | D:10     | Noticed a two-headed ogre
  9774 | D:10     | Killed a two-headed ogre
  9775 | D:10     | Reached skill level 5 in Invocations
  9881 | D:10     | Found a staircase to the Orcish Mines.
  9913 | D:10     | Reached XP level 11. HP: 71/95 MP: 13/13
 10120 | D:10     | Found a staircase to the Lair.
 10532 | D:11     | Reached skill level 12 in Armour
 10912 | D:11     | Found an opulent altar of Gozag.
 10973 | D:11     | Found a transporter.
 10975 | D:11     | Found a transporter.
 10977 | D:11     | Noticed a two-headed ogre
 10978 | D:11     | Noticed a two-headed ogre
 10978 | D:11     | Noticed a two-headed ogre
 10979 | D:11     | Noticed an ogre mage
 11179 | Orc:1    | Entered Level 1 of the Orcish Mines
 11443 | Orc:2    | Entered Level 2 of the Orcish Mines
 11512 | Orc:1    | Noticed Josephine
 11654 | Orc:2    | Noticed an orc warlord
 11682 | Orc:2    | Killed an orc warlord
 12036 | Orc:2    | Noticed an orc knight
 12052 | Orc:2    | Noticed an orc sorcerer
 12061 | Orc:2    | Killed an orc knight
 12065 | Orc:2    | Killed an orc sorcerer
 12066 | Orc:2    | Reached skill level 10 in Fighting
 12298 | Orc:2    | Killed Josephine
 12299 | Orc:2    | Reached skill level 13 in Armour
 12299 | Orc:2    | Reached XP level 12. HP: 78/106 MP: 15/15
 12940 | Orc:2    | Found a staircase to the Elven Halls.
 13783 | Orc:2    | Reached skill level 10 in Shields
 13908 | Lair:1   | Entered Level 1 of the Lair of Beasts
 14112 | Lair:1   | Reached skill level 10 in Axes
 14211 | Lair:1   | Noticed a boulder beetle
 14274 | Lair:1   | HP: 2/107 [boulder beetle (17)]
 14290 | Lair:1   | Killed a boulder beetle
 15802 | D:12     | Reached skill level 14 in Armour
 15868 | D:12     | Noticed Fannar
 15894 | D:11     | Identified a scroll of acquirement
 15895 | D:11     | Acquired the amulet of Spontaneous Combustion {Reflect SH+5
                  | Stlth+}
 17083 | Orc:2    | Found Ces Ithe's Book Shop.
 17102 | Orc:2    | Killed from afar by an orc sorcerer

Illustrated notes

Levels and vault maps discovered:
D:1:      amcnicky_arrival_feature_with_door, layout_basic,
          hellmonk_ecumenical_altar_watching_god, wad_floor_pattern_1
D:2:      minmay_general_purpose_star, layout_loops_corners, solitary_fountain,
          kennysheep_doodads
D:3:      due_chaos_kobolds, layout_loops_ring
D:4:      layout_cave_pools, marbit_many_paths
D:5:      layout_layer_cave, bloody_trog, mainiacjoe_overflow_catwalk,
          minmay_misc_feat_more_columns
D:6:      layout_basic, gup_sewer_entry_glass, gammafunk_ghost_split,
          minmay_misc_feat_encased
D:7:      layout_gridville, tso_metal_star, mainiacjoe_overflow_brackets,
          minmay_temple_entry_mini_moons, serial_glass, glass_columns_c,
          glass_columns_a, feat_on_display, item_on_display_a,
          minmay_strange_pillars, feat_on_display, serial_bayou_pond_e
D:8:      layout_rooms, okawaru_trees_2, minitemple
D:9:      layout_rooms, lemuel_mausoleum_altar_kikubaaqudgha,
          grunt_temple_overflow_cloverleaf, kennysheep_slug_shrine,
          hangedman_abyss_or_decor_stagger
D:10:     layout_big_octagon, erik_lair_island, orc_0_dummy,
          hangedman_abyss_or_decor_lesser_grid
D:11:     gammafunk_beogh_shrine, layout_basic, grunt_gozag_breadcrumbs
D:12:     layout_basic, uniq_fannar, uniq_snorg
Lair:1:   layout_gridlike, portal_ice_cave_demonic_guard
Orc:1:    layout_caves, basic_altar, uniq_josephine
Orc:2:    kennysheep_orc_mage_school, layout_caves, basic_altar

Skill      XL: |  1  2  3  4  5  6  7  8  9 10 11 12 |
---------------+-------------------------------------+-----
Fighting       | 4 5 6 7 8 10 | 10.8
Armour         | 4 5 6 7 8 10 11 13 14 | 14.1
Shields        | 4 5 6 7 8 9 10 | 10.6
Axes           | 3 4 5 6 7 8 9 10 | 10.4
Dodging        | 1 2 3 4 5 6 8 |  8.9
Invocations    | 1 2 4 5 6 7 |  7.3

Action                     |  1- 3 |  4- 6 |  7- 9 | 10-12 || total
---------------------------+-------+-------+-------+-------++-------
  Melee: War axe           |    85 |    33 |       |       ||   118
         Headbutt          |     9 |    23 |    89 |   236 ||   357
         Mace              |       |    74 |   274 |       ||   348
         Hand axe          |       |       |    82 |   810 ||   892
    Use: Scroll            |       |       |     2 |     4 ||     6
         Potion            |       |       |       |    11 ||    11
 Armour: Scale mail        |    59 |    76 |   342 |       ||   477
         Troll leather arm |       |       |    15 |   230 ||   245
         Plate armour      |       |       |       |   329 ||   329
  Dodge: Dodged            |    32 |    44 |   227 |   360 ||   663
  Block: Buckler           |    17 |    18 |   113 |   230 ||   378

Table legend: (Time is in decaauts)
 A = Elapsed time spent in this place.
 B = Non-inter-level travel time spent in this place.
 C = Inter-level travel time spent in this place.
 D = Time resting spent in this place.
 E = Time spent auto-exploring this place.
 F = Levels seen in this place.
 G = Mean time per level.
                   A        B        C        D        E       F      G
               +--------+--------+--------+--------+--------+-----+--------+
         Total |  17222 |  16587 |    635 |   5304 |   7988 |  16 | 1076.4 |
       Dungeon |  11578 |  11016 |    562 |   1918 |   6866 |  12 |  964.8 |
          Lair |   1734 |   1725 |      9 |    793 |    494 |   1 | 1734.0 |
  Orcish Mines |   3765 |   3701 |     64 |   2593 |    521 |   2 | 1882.5 |
         Sewer |    144 |    144 |      0 |      0 |    107 |   1 |  144.0 |
               +--------+--------+--------+--------+--------+-----+--------+

Top non-repeatable levels by time:
   Orc:2: 3232 daAuts
     D:7: 1888 daAuts
  Lair:1: 1734 daAuts
     D:9: 1330 daAuts
    D:10: 1269 daAuts
     D:2: 978 daAuts
     D:8: 964 daAuts
     D:6: 931 daAuts
     D:4: 910 daAuts
     D:5: 898 daAuts
     D:3: 822 daAuts
    D:11: 816 daAuts
     D:1: 671 daAuts
   Orc:1: 533 daAuts
   Sewer: 144 daAuts
